 Dungeon Crawl Stone Soup version 0.27-a0-1118-ga84896973d (webtiles) character file.

Game seed: 7259163361635141183

208 Froggeryz the Sneak (level 5, -5/32 HPs)
             Began as a Vampire Brigand on May 2, 2021.
             Killed from afar by Natasha (7 damage)
             ... with a magic dart
             ... on level 2 of the Dungeon.
             The game lasted 00:02:04 (1547 turns).

Froggeryz the Sneak (Vampire Brigand)               Turns: 1547, Time: 00:02:04

Health: -5/32      AC:  3    Str: 11    XL:     5   Next: 55%
Magic:  5/5        EV: 12    Int: 14    God:
Gold:   14         SH:  0    Dex: 15    Spells: 4/4 levels left

rFire    . . .     SeeInvis +   k - +2 short sword (drain)
rCold    + + .     Faith    .   (no shield)
rNeg     + + +     Spirit   .   b - +0 robe
rPois    ∞         Reflect  .   (no helmet)
rElec    .         Harm     .   c - +0 cloak
rCorr    .         Rampage  .   (no gloves)
Will     .....                  (no boots)
Stlth    +++++.....             (no amulet)
HPRegen  0.00/turn              (no ring)
MPRegen  0.09/turn              (no ring)

@: attractive, bloodless
A: bloodless, fangs 3, see invisible, unbreathing 1, vampiric 2
a: Bat Form, Revivify


You were on level 2 of the Dungeon.
You visited 1 branch of the dungeon, and saw 2 of its levels.

You collected 14 gold pieces.

Inventory:

Hand Weapons
 a - a +2 dagger
 k - a +2 short sword of draining (weapon)
Missiles
 d - 8 poisoned darts (quivered)
 e - 2 curare-tipped darts
Armour
 b - a +0 robe (worn)
 c - a +0 cloak (worn)
Scrolls
 f - a scroll of enchant armour {unknown}
 i - a scroll of identify {unknown}
 j - 2 scrolls of teleportation {unknown}
 l - a scroll of acquirement {unknown}
Potions
 h - a potion of magic {unknown}


   Skills:
 + Level 3.0 Fighting
 - Level 2.1 Short Blades
 - Level 1.5 Throwing
 + Level 2.0 Armour
 - Level 1.1 Dodging
 - Level 5.8 Stealth
 * Level 4.1 Unarmed Combat


You had 4 spell levels left.
You didn't know any spells.
Your spell library was empty.

Dungeon Overview and Level Annotations

Branches:
Dungeon (2/15)

Altars:

Annotations:
D:2 Natasha


Innate Abilities, Weirdness & Mutations

You do not regenerate when monsters are visible.
You are frail without blood (-20% HP).
You can heal yourself when you bite living creatures.
You are immune to poison.
You have razor-sharp teeth.
You have supernaturally acute eyesight. (SInv)
You can survive without breathing.
You are afflicted with vampirism and can become a bat while bloodless.


Message History

There are monsters nearby!
You hit Terence but do no damage. Terence closely misses you.
You hit Terence but do no damage. Terence hits you with a +0 flail.
You hit Terence. You punch Terence, but do no damage.
Terence is moderately wounded.
Terence hits you with a +0 flail!
You hit Terence but do no damage. You drain Terence. Your bite misses Terence.
Terence is heavily wounded.
Terence barely misses you.
You hit Terence. You drain Terence.
Terence is almost dead.
Terence closely misses you.
Natasha mumbles some strange words.
You closely miss Terence. You bite Terence, but do no damage.
Terence is almost dead.
Terence hits you with a +0 flail!
* * * LOW HITPOINT WARNING * * *
You are too injured to fight recklessly!
You are too injured to fight recklessly!
You are too injured to fight recklessly!
You hit Terence but do no damage.
Terence is almost dead.
Terence hits you with a +0 flail!
* * * LOW HITPOINT WARNING * * *
Unknown command.
Okay, then.
You closely miss Terence.
Terence is almost dead.
Terence hits you but does no damage.
You hit Terence but do no damage. You drain Terence.
You kill Terence!
The shadow imp shouts, "Face thy requiem, thou fobbing pallid crab-lanthorn!"
Your Fighting skill increases to level 3!
Your Armour skill increases to level 2!
Your Unarmed Combat skill increases to level 4!
It was a potion of attraction.
You feel attractive to monsters.
Natasha stares at you and mumbles some strange words.
The magic dart hits you!
You die...

##################
#..†......>.......
#.########.#######
#.# ...)# #.#
......# #.#
#####.## ## #@#
... .. #h# ### ##
.5. ..... .......
#........
####+#####


You could see Natasha and a shadow imp (summoned).

Vanquished Creatures
  Sigmund (D:2)
  Terence (D:2)
  A dart slug (D:2)
  2 bats
  A giant cockroach (D:1)
  2 goblins (D:2)
  3 hobgoblins (D:1)
  A quokka (D:2)
  2 ball pythons
  5 frilled lizards
  5 kobolds
  2 rats (D:1)
26 creatures vanquished.

Notes
Turn   | Place    | Note
-------+----------+-------------------------------------------
     0 | D:1      | Froggeryz the Vampire Brigand began the quest for the Orb.
     0 | D:1      | Reached XP level 1. HP: 16/16 MP: 1/1
   256 | D:1      | Reached skill level 1 in Unarmed Combat
   409 | D:1      | You fall into a shaft and drop 1 floor!
   433 | D:2      | Reached XP level 2. HP: 22/22 MP: 2/2
   532 | D:2      | Noticed Sigmund
   539 | D:2      | Killed Sigmund
   540 | D:2      | Reached skill level 1 in Armour
   540 | D:2      | Gained mutation: You are afflicted with vampirism and can
                  | become a bat while bloodless. [Vampire growth]
   540 | D:2      | Reached XP level 3. HP: 28/28 MP: 3/3
   540 | D:2      | Reached XP level 4. HP: 34/34 MP: 4/4
   540 | D:2      | Reached XP level 5. HP: 40/40 MP: 5/5
  1537 | D:2      | Noticed Terence
  1537 | D:2      | Noticed Natasha
  1546 | D:2      | Killed Terence
  1547 | D:2      | Killed from afar by Natasha

Illustrated notes

Levels and vault maps discovered:
D:1:      mrwooster_arrival_statue, layout_loops_corners,
          hangedman_decor_diamond_cutter, amcnicky_mini_rare_corridor_liquid
D:2:      layout_basic, uniq_terence, uniq_natasha, uniq_sigmund

Skill      XL: |  1  2  3  4  5 |
---------------+----------------+-----
Unarmed Combat | 1 3 4 |  4.1
Fighting       | 2 3 |  3.0
Armour         | 1 2 |  2.0
Short Blades   | |  2.1
Throwing       | |  1.5
Dodging        | |  1.1
Stealth        | |  5.8

Action                   |  1- 3 |  4- 6 || total
-------------------------+-------+-------++-------
Melee: Dagger            |    23 |    17 ||    40
       Bite              |     2 |     1 ||     3
       Short sword       |       |    23 ||    23
       Punch             |       |     1 ||     1
 Abil: Exsanguinate      |       |     1 ||     1
  Use: Potion            |     1 |     1 ||     2
 Stab: Sleeping          |     4 |     7 ||    11
Armor: Robe              |     1 |     8 ||     9
Dodge: Dodged            |     8 |    21 ||    29

Table legend: (Time is in decaauts)
 A = Elapsed time spent in this place.
 B = Non-inter-level travel time spent in this place.
 C = Inter-level travel time spent in this place.
 D = Time resting spent in this place.
 E = Time spent auto-exploring this place.
 F = Levels seen in this place.
 G = Mean time per level.
                   A        B        C        D        E       F      G
               +--------+--------+--------+--------+--------+-----+--------+
         Total |   1542 |   1381 |    161 |     37 |   1143 |   2 |  771.0 |
       Dungeon |   1542 |   1381 |    161 |     37 |   1143 |   2 |  771.0 |
               +--------+--------+--------+--------+--------+-----+--------+

Top non-repeatable levels by time:
     D:1: 877 daAuts
     D:2: 665 daAuts
